 Dungeon Crawl Stone Soup version 0.28-a0-206-gc2c9e32840 (webtiles) character file.

Game seed: 13835828916398088468

725 zdrol the Chopper (level 7, -5/61 HPs)
             Began as a Minotaur Fighter on Aug 21, 2021.
             Killed by divine providence
             ... invoked by an orc priest
              (12 damage)
             ... on level 5 of the Dungeon.
             The game lasted 00:16:17 (4009 turns).

zdrol the Chopper (Minotaur Fighter)                Turns: 4009, Time: 00:16:18

Health: -5/61      AC:  9    Str: 22    XL:     7   Next: 43%
Magic:  0/6        EV:  8    Int:  5    God:
Gold:   129        SH: 10    Dex: 16    Spells: 6/6 levels left

rFire   . . .      SeeInvis .   a - +0 war axe (flame)
rCold   . . .      Faith    .   c - +0 kite shield
rNeg    + . .      Spirit   +   b - +0 scale mail
rPois   .          Reflect  .   (helmet restricted)
rElec   .          Harm     .   e - +1 cloak
rCorr   .          Rampage  .   (no gloves)
Will    .....                   (no boots)
Stlth   ..........              j - amulet of guardian spirit
HPRegen 0.20/turn               k - ring of positive energy
MPRegen 0.10/turn               u - +6 ring of dexterity

@: on berserk cooldown, slowed, very slow
A: horns 2, retaliatory headbutt
a: no special abilities


You were on level 5 of the Dungeon.
You visited 1 branch of the dungeon, and saw 5 of its levels.

You collected 129 gold pieces.

Inventory:

Hand Weapons
 a - a +0 war axe of flaming (weapon)
Armour
 b - a +0 scale mail (worn)
 c - a +0 kite shield (worn)
 e - a +1 cloak (worn)
 z - +0 steam dragon scales
Jewellery
 j - an amulet of guardian spirit (around neck)
 k - a ring of positive energy (left hand)
 u - a +6 ring of dexterity (right hand)
 v - a ring of positive energy
 y - a +6 ring of intelligence
Scrolls
 f - 2 scrolls of teleportation
 g - a scroll of vulnerability {unknown}
 i - a scroll of identify
 l - a scroll of amnesia {unknown}
 n - a scroll of acquirement {unknown}
 o - a scroll of enchant weapon {unknown}
 p - a scroll of brand weapon
 r - 3 scrolls of holy word
 w - a scroll of enchant armour {unknown}
Potions
 d - a potion of might
 h - a potion of ambrosia
 m - a potion of lignification {unknown}
 q - a potion of degeneration {unknown}
 s - a potion of curing
 t - a potion of magic {unknown}


   Skills:
 + Level 5.1 Fighting
 + Level 6.7 Axes
 + Level 5.8 Armour
 + Level 1.9 Dodging
 + Level 0.9 Stealth
 + Level 5.1 Shields


You had 6 spell levels left.
You didn't know any spells.
Your spell library contained the following spells:

 Spells                   Type           Power      Damage    Failure   Level
 Animate Skeleton         Necr           0%         N/A       99%         1
 Pain                     Necr           0%         1d4       99%         1
 Vampiric Draining        Necr           0%         2d6       100%        3
 Summon Lightning Spire   Summ/Air       0%         N/A       100%        4
 Storm Form               Tmut/Air       0%         N/A       100%        7
 Maxwell's Capacitive Co  Air            0%         ∞         100%        8


Dungeon Overview and Level Annotations

Branches:
Dungeon (5/15)
 Temple: D:4-7

Altars:


Innate Abilities, Weirdness & Mutations

You have a pair of horns on your head.
You reflexively headbutt those who attack you in melee.


Message History

The orc priest invokes the aid of Beogh against you.
Something writhes in agony!
Reactivating autopickup.
You feel a bit more experienced.
The orc wizard hits you with a +0 dagger.
* * * LOW HITPOINT WARNING * * *
A red film seems to cover your vision as you go berserk!
You feel yourself moving faster!
You feel mighty! You block the orc's attack.
The orc wizard casts a spell at you.
You are confused.
You bump into the rock wall.
You feel a strong urge to attack something.
The orc hits you but does no damage.
The orc wizard hits you with a +0 dagger.
* * * LOW HITPOINT WARNING * * *
You bump into the rock wall.
You feel your anger nearly subside. The orc wizard casts a spell at you.
The puff of flame hits you.
* * * LOW HITPOINT WARNING * * *
You miss the orc. You closely miss the orc wizard.
The orc hits you but does no damage.
The orc wizard hits you with a +0 dagger.
* * * LOW HITPOINT WARNING * * *
You are no longer berserk.
You are exhausted.
You feel yourself slow down.
You barely miss the orc wizard.
The orc wizard is heavily wounded.
You barely miss the orc. The orc barely misses you.
The orc wizard hits you with a +0 dagger.
* * * LOW HITPOINT WARNING * * *
The orc priest calls upon Beogh to heal the orc wizard.
The orc wizard is healed somewhat.
The orc wizard barely misses you.
You feel less confused. The orc closely misses you. You furiously retaliate!
You headbutt the orc!
You kill the orc!
The orc priest invokes the aid of Beogh against you.
Beogh smites you!
You die...

≈. ♣ ≈≈♣♣♣≈≈.. .... ## ≈
≈≈≈≈≈≈....... .#### ..
.≈≈.....#... .[#.## #...
#...#....... .....# #...
#..# #....###....#
#..###..###.#...@.....#
#....#..........).....#
..............##oo##...#
.....##...###..#)## ..#
......#..........####. #
..........#...:.......#
......##..#..!...#....#
......o.o.o...........#
.......##...........###


You could see an orc priest and an orc wizard.

Vanquished Creatures
  Sigmund (D:2)
  A steam dragon (D:4)
  A phantom (D:4)
  A hound (D:4)
  Crazy Yiuf (D:2)
  An iguana (D:4)
  A bullfrog skeleton (D:4)
  Natasha (D:3)
  An orc wizard (D:4)
  4 gnolls (D:2)
  6 adders
  An adder skeleton (D:4)
  2 worms (D:2)
  2 dart slugs
  5 orcs
  7 endoplasms
  8 giant cockroaches
  5 goblins
  8 hobgoblins
  7 jackals
  3 kobolds
  2 quokkas
  4 ball pythons
  6 bats
  3 frilled lizards
  4 rats
86 creatures vanquished.

Vanquished Creatures (others)
  An orc wizard (D:5)
1 creature vanquished.

Grand Total: 87 creatures vanquished

Notes
Turn   | Place    | Note
-------+----------+-------------------------------------------
     0 | D:1      | zdrol the Minotaur Fighter began the quest for the Orb.
     0 | D:1      | Reached XP level 1. HP: 19/19 MP: 0/0
   379 | D:1      | Found a faded altar of an unknown god.
   511 | D:1      | Reached XP level 2. HP: 25/27 MP: 1/1
   624 | D:1      | Reached XP level 3. HP: 17/33 MP: 2/2
   802 | D:1      | Reached skill level 3 in Axes
  1172 | D:2      | Noticed Sigmund
  1180 | D:2      | Killed Sigmund
  1181 | D:2      | Reached skill level 4 in Axes
  1181 | D:2      | Reached skill level 1 in Dodging
  1181 | D:2      | Reached XP level 4. HP: 41/41 MP: 3/3
  1181 | D:2      | Reached XP level 5. HP: 47/47 MP: 4/4
  1286 | D:2      | Reached skill level 5 in Axes
  1630 | D:2      | Found a runed translucent door.
  1631 | D:2      | Noticed Crazy Yiuf
  1637 | D:2      | Killed Crazy Yiuf
  1638 | D:2      | Reached XP level 6. HP: 30/53 MP: 2/5
  1917 | D:2      | Reached skill level 5 in Armour
  2981 | D:3      | Noticed Natasha
  2987 | D:3      | Killed Natasha
  3134 | D:4      | Reached skill level 6 in Axes
  3180 | D:4      | Reached XP level 7. HP: 55/60 MP: 4/6
  3278 | D:4      | Reached skill level 5 in Fighting
  3518 | D:4      | Reached skill level 5 in Shields
  3550 | D:4      | Noticed a steam dragon
  3562 | D:4      | Killed a steam dragon
  3950 | D:5      | Entered Level 5 of the Dungeon
  4009 | D:5      | Killed from afar by an orc priest

Illustrated notes

Levels and vault maps discovered:
D:1:      dpeg_arrival_castle, layout_basic,
          hellmonk_ecumenical_altar_heavens_door
D:2:      layout_loops_cross, uniq_crazy_yiuf_cottage, uniq_sigmund
D:3:      layout_loops_corners, uniq_natasha
D:4:      layout_rooms, abandoned_shop, dk_noncrumbling_4, grunt_ministairs_3,
          minmay_stone_trees_medium, hangedman_decor_diamond_cutter,
          serial_park_tiny_pond
D:5:      layout_cave_pools, general_overflow_altar, kennysheep_boxes

Skill      XL: |  1  2  3  4  5  6  7 |
---------------+----------------------+-----
Fighting       | 4 5 |  5.1
Armour         | 4 5 |  5.8
Axes           | 4 5 6 |  6.7
Dodging        | 1 |  1.9
Shields        | 4 5 |  5.1
Stealth        | |  0.9

Action                   |  1- 3 |  4- 6 |  7- 9 || total
-------------------------+-------+-------+-------++-------
Melee: War axe           |    82 |    99 |    36 ||   217
       Headbutt          |     8 |    18 |     6 ||    32
  Use: Scroll            |     2 |     1 |     3 ||     6
       Potion            |       |       |     1 ||     1
Armor: Scale mail        |    54 |    37 |    16 ||   107
Dodge: Dodged            |    42 |    35 |    11 ||    88
Block: Kite shield       |    44 |    48 |    16 ||   108

Table legend: (Time is in decaauts)
 A = Elapsed time spent in this place.
 B = Non-inter-level travel time spent in this place.
 C = Inter-level travel time spent in this place.
 D = Time resting spent in this place.
 E = Time spent auto-exploring this place.
 F = Levels seen in this place.
 G = Mean time per level.
                   A        B        C        D        E       F      G
               +--------+--------+--------+--------+--------+-----+--------+
         Total |   4118 |   4118 |      0 |    128 |   2238 |   5 |  823.6 |
       Dungeon |   4118 |   4118 |      0 |    128 |   2238 |   5 |  823.6 |
               +--------+--------+--------+--------+--------+-----+--------+

Top non-repeatable levels by time:
     D:1: 1222 daAuts
     D:2: 999 daAuts
     D:3: 994 daAuts
     D:4: 843 daAuts
     D:5: 59 daAuts
